 Dungeon Crawl Stone Soup version 0.16.0-11-gd45b091 (webtiles) character file.

156 rjames93 the Conjurer (level 5, -3/40 HPs)
             Began as a Draconian Conjurer on Mar 17, 2015.
             Slain by an iguana (10 damage)
             ... on level 4 of the Dungeon.
             The game lasted 00:05:11 (3163 turns).

rjames93 the Conjurer (Draconian Conjurer)          Turns: 3163, Time: 00:05:12

Health: -3/40      AC:  5    Str: 10    XL:     5   Next: 14%
Magic:  11/11      EV: 12    Int: 16    God:
Gold:   107        SH:  0    Dex: 12    Spells: 1 memorised, 9 levels left

rFire  . . .     SeeInvis .     l - +0 falchion (elec)
rCold  . . .     Clarity  .     (armour unavailable)
rNeg   . . .     SustAb   .     (no shield)
rPois  .         Gourm    .     (helmet restricted)
rElec  .         Spirit   .     (no cloak)
rCorr  .         Warding  .     (no gloves)
rMut   .         Stasis   .     (no boots)
MR     .....                    (no amulet)
Stlth  ++........               (no ring)
                                (no ring)

@: not resistant to hostile enchantments, unstealthy
A: unfitting armour, big wings, spit poison 1, cold-blooded, AC +5
a: Spit Poison, Fly


You were on level 4 of the Dungeon.
You were not hungry.

You visited 1 branch of the dungeon, and saw 4 of its levels.

You collected 107 gold pieces.

Inventory:

Hand weapons
 l - a +0 falchion of electrocution (weapon)
Scrolls
 d - 3 scrolls of teleportation {unknown}
 e - 6 scrolls of remove curse {unknown}
 f - 3 scrolls of random uselessness {unknown}
 g - 6 scrolls of identify {unknown}
 h - a scroll of noise {unknown}
 j - a scroll of magic mapping {unknown}
 k - a scroll of recharging {unknown}
Potions
 a - a potion of curing {unknown}
 i - 3 potions of haste
 n - 2 potions of berserk rage {unknown}
 o - a potion of degeneration {unknown}
 p - 2 potions of brilliance {unknown}
Books
 c - a book of Conjurations

   Spells                             Type                      Level
   a - Magic Dart                     Conjuration                  1
   b - Searing Ray                    Conjuration                  2
   c - Dazzling Spray                 Conjuration/Hexes            3
   d - Fulminant Prism                Conjuration/Hexes            4
   e - Iskenderun's Mystic Blast      Conjuration                  4
   f - Iskenderun's Battlesphere      Conjuration/Charms           5
Comestibles
 b - 2 bread rations
 m - 3 fruits


   Skills:
 + Level 1.0 Fighting
 + Level 0.8 Long Blades
 + Level 2.4 Dodging
 + Level 2.9 Stealth
 * Level 3.1 Spellcasting
 + Level 4.6 Conjurations


You had 9 spell levels left.
You knew the following spells:

 Your Spells              Type           Power        Failure   Level  Hunger
a - Magic Dart            Conj           ###.         3%          1    None


Dungeon Overview and Level Annotations

Branches:
Dungeon (4/15)
 Temple: D:4-7

Altars:
Elyvilon
Makhleb
Okawaru
Zin

Annotations:
D:3 rjames93's ghost, average DrAE


Innate Abilities, Weirdness & Mutations

Your plain brown scales are hard (AC +5).
Your body does not fit into most forms of armour.
Your cold-blooded metabolism reacts poorly to cold.
Your wings are large and strong.
You can spit poison.


Message History

The worker ant barely misses you. x2
You hit the worker ant!
You kill the worker ant!
Your Fighting skill increases to level 1!
You have reached level 5!
o - a murky brown potion
p - 2 coppery potions An iguana comes into view.
An iguana is nearby!
The iguana hisses angrily.
The iguana bites you!
You see here 13 gold pieces.
You barely miss the iguana. The iguana barely misses you.
You hit the iguana but do no damage.
There is a sudden explosion of sparks!
Your tail-slap misses the iguana.
The iguana is heavily wounded.
The iguana bites you!
* * * LOW HITPOINT WARNING * * *
The iguana bites you!
You die...

###########
#.........#
##.........#
#..........#####
#..............#####
#.###@####.........#
#l# ##......##.###
..................
...#....##.####.###
#####.#..#.......#
.....#..######
........ #.##.# #


You could see an iguana.

Vanquished Creatures
  A worker ant (D:4)
  2 gnolls (D:2)
  2 adders (D:2)
  4 giant geckos
  An ooze (D:2)
  5 orcs
  4 ball pythons
  8 bats
  2 giant cockroaches
  13 hobgoblins
  10 jackals
  A quokka (D:2)
  4 giant newts
  5 goblins
  9 kobolds
  8 rats
79 creatures vanquished.

Notes
Turn   | Place    | Note
--------------------------------------------------------------
     0 | D:1      | rjames93, the Draconian Conjurer, began the quest for the Orb.
     0 | D:1      | Reached XP level 1. HP: 14/14 MP: 3/3
   171 | D:1      | Reached XP level 2. HP: 14/20 MP: 0/4
   819 | D:1      | Reached XP level 3. HP: 26/26 MP: 0/6
  1483 | D:2      | Found a burning altar of Makhleb.
  1570 | D:2      | Reached XP level 4. HP: 25/34 MP: 6/8
  1650 | D:2      | Noticed a cacodemon
  1651 | D:2      | Found a glowing silver altar of Zin.
  1652 | D:2      | Noticed an angel
  1723 | D:2      | Found an iron altar of Okawaru.
  1746 | D:2      | Gained mutation: You can spit poison. [potion of mutation]
  1746 | D:2      | Gained mutation: Your wings are large and strong. [potion of mutation]
  2069 | D:3      | Found a white marble altar of Elyvilon.
  3002 | D:3      | Noticed rjames93's ghost (average DrAE)
  3121 | D:4      | Reached skill level 1 in Fighting
  3121 | D:4      | Reached XP level 5. HP: 20/40 MP: 11/11
  3163 | D:4      | Slain by an iguana

Action                   |  1- 3 |  4- 6 || total
-------------------------+-------+-------++-------
Melee: Unarmed           |    84 |       ||    84
       Falchion          |    34 |    67 ||   101
 Cast: Magic Dart        |    67 |       ||    67
  Use: Potion            |       |     4 ||     4
 Stab: Sleeping          |     1 |       ||     1
       Distracted        |       |     1 ||     1
  Eat: Meat ration       |     1 |       ||     1
       Bread ration      |       |     1 ||     1
       Chunk             |       |     1 ||     1
